 Dungeon Crawl Stone Soup version 0.25-a0-184-gcd15a05269 (webtiles) character file.

Game seed: 15683308601819409990, levelgen mode: deterministic

802 Gargoyl the Chopper (level 7, -2/59 HPs)
             Began as a Centaur Abyssal Knight on Nov 27, 2019.
             Was a Priest of Lugonu.
             Slain by an ogre
             ... wielding a +0 giant spiked club
              (9 damage)
             ... on level 5 of the Dungeon.
             The game lasted 00:09:07 (5540 turns).

Gargoyl the Chopper (Centaur Abyssal Knight)        Turns: 5540, Time: 00:09:07

Health: -2/59      AC:  9    Str: 15    XL:     7   Next: 59%
Magic:  9/9        EV:  8    Int: 11    God:    Lugonu [***...]
Gold:   222        SH:  0    Dex: 10    Spells: 6/6 levels left

rFire    . . .     SeeInvis .   a - +3 hand axe
rCold    . . .     Gourm    .   (no shield)
rNeg     . . .     Faith    .   e - +0 scale mail
rPois    .         Spirit   .   (no helmet)
rElec    .         Reflect  .   (no cloak)
rCorr    .         Harm     .   d - +1 pair of gloves
MR       .....                  (no barding)
Stlth    ..........             h - amulet of rage
HPRegen  0.19/turn              (no ring)
MPRegen  0.11/turn              (no ring)

@: very quick
A: large, hooves 3, deformed body, speed 2, tough skin 3
a: Depart the Abyss, Bend Space, Banish, Renounce Religion, Evoke Berserk Rage


You were on level 5 of the Dungeon.
You worshipped Lugonu.
Lugonu was most pleased with you.
You were not hungry.

You visited 1 branch of the dungeon, and saw 5 of its levels.
You visited the Abyss 1 time.

You collected 222 gold pieces.

Inventory:

Hand Weapons
 a - a +3 hand axe (weapon)
Missiles
 m - 8 javelins (quivered)
Armour
 d - a +1 pair of gloves (worn)
 e - a +0 scale mail (worn)
Jewellery
 h - an amulet of rage (around neck)
 i - an uncursed ring of fire
Wands
 r - a wand of scattershot (1)
Scrolls
 b - 3 scrolls of remove curse
 g - 4 scrolls of identify
 j - a scroll of enchant weapon
 p - a scroll of magic mapping {unknown}
 q - 2 scrolls of teleportation
 s - a scroll of blinking
Potions
 f - a potion of lignification
 k - a potion of curing
 l - 2 potions of heal wounds
 n - 2 potions of cancellation
 o - a potion of haste
Comestibles
 c - 6 rations


   Skills:
 + Level 4.0 Fighting
 + Level 4.3 Axes
 * Level 3.9 Armour
 * Level 2.1 Dodging
 * Level 3.9 Invocations
 + Level 1.0 Evocations


You had 6 spell levels left.
You didn't know any spells.
Your spell library was empty.

Dungeon Overview and Level Annotations

Branches:
Dungeon (5/15)
 Temple: D:4-7

Altars:
Qazlal


Innate Abilities, Weirdness & Mutations

You have hooves in place of feet.
Armour fits poorly on your strangely shaped body.
You cover ground very quickly.
You have extremely tough skin. (AC +3)


Message History

You hit the ogre.
The ogre is severely wounded.
You feel sick. The ogre closely misses you.
You hit the ogre.
The ogre is almost dead.
The ogre hits you with a +0 giant spiked club!!
* * * LOW HITPOINT WARNING * * *
You hit the ogre but do no damage.
The ogre is almost dead.
* * * LOW HITPOINT WARNING * * *
You feel sick. The ogre barely misses you.
You barely miss the ogre. Your kick misses the ogre.
The ogre is almost dead.
* * * LOW HITPOINT WARNING * * *
You feel sick.
Unknown command.
Unknown command.
You feel better.
The ogre hits you with a +0 giant spiked club!
You die...

.............#
........)...########
...................#
###..####.....####.# #
##.#$.##...## #.## #
##..#...##.## #..## #
##...##...#.# ##...# ##
##.....##.O#.#+ ##....# ###.
#..#....###@..###.....###...
##.##........8.........##....
##.####...###...###...........
##..# #..## +#.#'.##........##
##..## #.## #.#...##...#.....
#..######.# ##.##...#...######
##.#.....#.# ##...##.(#...# #.
#..........####.....####...#
##.
..........................##
#..


You could see an ogre.

Vanquished Creatures
  A phantom (D:4)
  3 wights (D:3)
  A crimson imp (D:5)
  4 hounds
  3 orc priests
  A bullfrog skeleton (D:4)
  6 worker ants
  A worker ant zombie (D:5)
  2 adders
  3 gnolls (D:4)
  A worm (D:4)
  3 dart slugs
  3 leopard geckos
  15 orcs
  A ball python (D:3)
  10 giant cockroaches
  9 goblins
  2 hobgoblins
  4 jackals
  12 kobolds
  5 quokkas
  10 bats
  4 frilled lizards
  A leopard gecko skeleton (D:4)
  A quokka skeleton (D:5)
  9 rats
115 creatures vanquished.

Notes
Turn   | Place    | Note
-------+----------+-------------------------------------------
     0 | Abyss:1  | Gargoyl the Centaur Abyssal Knight began the quest for the
                  | Orb.
     0 | Abyss:1  | Reached XP level 1. HP: 19/19 MP: 2/2
     2 | Abyss:1  | Found a transporter.
   109 | Abyss:1  | Noticed a small abomination
   109 | Abyss:1  | Noticed a smoke demon
   125 | Abyss:1  | Noticed an ancient zyme
   143 | D:1      | Escaped the Abyss
   422 | D:1      | Reached * piety under Lugonu
   546 | D:1      | Reached XP level 2. HP: 26/26 MP: 3/3
  1089 | D:2      | Reached skill level 1 in Dodging
  1161 | D:2      | Reached XP level 3. HP: 27/31 MP: 4/4
  1435 | D:2      | Reached ** piety under Lugonu
  2083 | D:3      | Reached XP level 4. HP: 38/38 MP: 5/5
  2889 | D:3      | Reached XP level 5. HP: 29/45 MP: 5/7
  3050 | D:3      | Reached *** piety under Lugonu
  3457 | D:4      | Reached XP level 6. HP: 52/52 MP: 8/8
  3834 | D:4      | Found a stormy altar of Qazlal.
  4467 | D:4      | Reached XP level 7. HP: 51/58 MP: 9/9
  4793 | D:5      | Entered Level 5 of the Dungeon
  5226 | D:5      | Reached skill level 1 in Evocations
  5538 | D:5      | HP: 2/59 [poisoned by a worker ant]
  5540 | D:5      | Slain by an ogre

Levels and vault maps discovered:
D:1:      onia_arrival_larder, layout_loops_ring
D:2:      layout_basic, minmay_misc_feat_enclosed, minmay_distorted
D:3:      layout_basic, first_ration
D:4:      layout_loops_corners, nicolae_qazlal_general_emergency
D:5:      cheibrodos_barr_body, layout_cave_pods

Skill      XL: |  1  2  3  4  5  6  7 |
---------------+----------------------+-----
Dodging        | 1 2 |  2.1
Axes           | 2 3 4 |  4.3
Armour         | 2 3 |  3.9
Invocations    | 3 |  3.9
Fighting       | 4 |  4.0
Evocations     | 1 |  1.0

Action                   |  1- 3 |  4- 6 |  7- 9 || total
-------------------------+-------+-------+-------++-------
Melee: Hand axe          |   155 |   181 |    70 ||   406
       Kick              |    23 |    32 |    20 ||    75
Invok: Depart the Abyss  |     1 |       |       ||     1
 Abil: Evoke Berserk Rag |       |     5 |       ||     5
  Use: Scroll            |     7 |     5 |     4 ||    16
       Potion            |       |       |     1 ||     1
  Eat: Chunk             |     2 |    12 |       ||    14
       Ration            |       |       |     1 ||     1
Armor: Leather armour    |     6 |       |       ||     6
       Scale mail        |    92 |    85 |    35 ||   212
Dodge: Dodged            |    57 |    80 |    18 ||   155

Table legend:
 A = Non-vault XP
 B = Vault XP
 C = Vault XP percentage of total XP
 D = Non-vault monster count
 E = Vault monster count
 F = Vault count percentage of total count
                 A         B        C        D         E       F
            +---------+---------+-------+---------+---------+-------
      Total |    1009 |     137 |  12.0 |     101 |      14 |  12.2
            +---------+---------+-------+---------+---------+-------
        D:1 |      20 |       9 |  31.0 |      11 |       6 |  35.3
        D:2 |      59 |       8 |  11.9 |      28 |       3 |   9.7
        D:3 |     273 |       0 |   0.0 |      32 |       0 |   0.0
        D:4 |     486 |       0 |   0.0 |      23 |       0 |   0.0
        D:5 |     171 |     120 |  41.2 |       7 |       5 |  41.7
            +---------+---------+-------+---------+---------+-------
